 Dungeon Crawl Stone Soup version 0.31.0-32-g396128a36d (webtiles) character file.

Game seed: 16317238688315030845

3682 Zeor the Carver (level 9, -9/65 HPs)
             Began as a Demonspawn Gladiator on Mar 29, 2024.
             Was a Follower of Kikubaaqudgha.
             Killed from afar by Erica (21 damage)
             ... with a bolt of poison
             ... on level 8 of the Dungeon.
             The game lasted 00:26:01 (6442 turns).

Zeor the Carver (Demonspawn Gladiator)              Turns: 6442, Time: 00:26:03

Health: -9/65      AC: 17    Str: 21    XL:     9   Next: 90%
Magic:  13/15      EV: 11    Int: 13    God:    Kikubaaqudgha [*.....]
Gold:   416        SH:  0    Dex: 14    Spells: 10/17 levels left

rFire   . . .        f - +2 scimitar (heavy)
rCold   . . .        (no shield)
rNeg    + . .        b - +2 leather armour
rPois   .            p - +2 helmet
rElec   .            (no cloak)
rCorr   +            (no gloves)
SInv    .            (no boots)
Will    .....        w - macabre finger necklace {Finger+ rN+}
Stlth   ++           c - ring of resist corrosion
HPRegen 0.30/turn    C - +6 ring of strength
MPRegen 0.14/turn    (no ring)

%: no passive effects
@: lethally poisoned (-9 -> -30), fugue, sanguine armoured, slowed, constricted,
studying Long Blades, very slow
A: icemail 1, sanguine armour 2, condensation shield, demonic touch 2
a: Renounce Religion, Unearth Wretches


You were on level 8 of the Dungeon.
You worshipped Kikubaaqudgha.
Kikubaaqudgha was aware of your devotion.
You visited 2 branches of the dungeon, and saw 9 of its levels.
You also visited: Sewer.

You collected 416 gold pieces.

Inventory:

Hand Weapons
 a - a +2 vampiric long sword
 f - a +2 heavy scimitar (weapon)
 o - the +3 battleaxe of the Valley {spect, rF- Str+2 Int+6 Stlth+}
   (You found it on level 4 of the Dungeon)

   Str+2:     It affects your strength (+2).
   Int+6:     It affects your intelligence (+6).
   rF-:       It makes you vulnerable to fire.
   Stlth+:    It makes you more stealthy.
Missiles
 d - a throwing net (quivered)
 e - a javelin
Armour
 b - a +2 leather armour (worn)
 p - a +2 helmet (worn)
 s - +0 swamp dragon scales
 E - an orb of guile
Jewellery
 c - a ring of resist corrosion (left hand)
 w - the macabre finger necklace (around neck) {Finger+ rN+}
   (You found it on level 7 of the Dungeon)

   [amulet of nothing]

   Finger+:   It enables you to equip an extra ring.
   rN+:       It protects you from negative energy.
 C - a +6 ring of strength (right hand)
Talismans
 i - a flux talisman
Wands
 l - a wand of flame (22)
 m - a wand of roots (22)
 A - a wand of acid (6)
 D - a wand of paralysis (6)
Scrolls
 g - 3 scrolls of fear
 h - 3 scrolls of teleportation
 k - 2 scrolls of fog
 v - a scroll of enchant weapon
 x - a scroll of vulnerability
 y - a scroll of torment
 B - a scroll of revelation
Potions
 j - a potion of curing
 n - a potion of enlightenment {unknown}
 q - 2 potions of ambrosia
 r - 2 potions of brilliance
 t - a potion of haste {unknown}
 u - 2 potions of mutation
 z - 3 potions of might


   Skills:
 + Level 3.8 Fighting
 * Level 10.2 Long Blades
 + Level 1.8 Throwing
 + Level 3.0 Armour
 * Level 5.9 Dodging
 + Level 1.4 Stealth
 + Level 2.1 Shields
 * Level 4.5 Spellcasting
 * Level 3.8 Necromancy
 + Level 0.1 Evocations


You had 10 spell levels left.
You knew the following spells:

 Your Spells              Type           Power      Damage    Failure   Level
f - Fugue of the Fallen   Necr           12%        N/A       14%         3
k - Kiss of Death         Conj/Necr      28%        2d7       11%         1
n - Necrotise             Necr           48%        1d6       4%          1
r - Cigotuvi's Dreadful   Necr/Alch/Air  12%        N/A       21%         2

Your spell library contained the following spells:

 Spells                   Type           Power      Damage    Failure   Level
 Vampiric Draining        Necr           12%        2d6       14%         3
 Magic Dart               Conj           8%         1d3       22%         1
 Sandblast                Erth           4%         2d4       22%         1
 Slow                     Hex            8%         N/A       22%         1
 Blink                    Tloc           4%         N/A       34%         2
 Call Imp                 Summ           4%         N/A       34%         2
 Confusing Touch          Hex            2%         N/A       56%         3
 Passwall                 Erth           2%         N/A       56%         3
 Sigil of Binding         Hex            2%         N/A       56%         3
 Stone Arrow              Conj/Erth      4%         3d7       56%         3
 Brom's Barrelling Bould  Conj/Erth      2%         2d3       92%         4


Dungeon Overview and Level Annotations

Branches:
Dungeon (8/15)             Temple (1/1) D:6           Sewer (visited)
   Lair: D:8-11

Altars:
Ashenzari
Cheibriados
Fedhas
Gozag
Kikubaaqudgha
Makhleb
Qazlal
Ru
Sif Muna
Uskayaw
Vehumet
Wu Jian
Xom
Yredelemnul

Shops:
D:2 [   D:5 [

Annotations:
D:3 1 runed translucent door, Crazy Yiuf
D:8 Erica, Maurice


Innate Abilities, Weirdness & Mutations

A meltable icy envelope protects you from harm. (AC +0)
When seriously injured, your blood forms thick armour. (AC +9)
A meltable shield of frost defends you. (SH +0)
Your touch may inflict irresistible damage on your foes.


Message History

The wyvern bites you!
Erica screams, "Your blood will spurt and your skin will burst!"
You slice the wyvern!!
You kill the wyvern!
Kikubaaqudgha accepts your kill. Erica casts a spell at you.
You feel yourself slow down.
Erica says, "I'm so much better than you."
Erica mumbles some strange words.
Erica flickers and vanishes!
Deactivating autopickup; reactivate with Ctrl-A.
Your Armour skill increases to level 3!
Okay, then.
Found 6 gold pieces.
Something hits you.
Your icy defences dissipate!
Something burns you.
Your blood congeals into armour.
Something grabs you.
You are constricted.
You slash something! Something hits you. Something burns you.
You are constricted.
You hear some strange, mumbled words.
A bolt of poison appears from out of thin air!
The bolt of poison hits you!
You are poisoned.
You are constricted.
You barely miss something. Your touch misses something.
You feel extremely sick. Something hits you!
* * * LOW HITPOINT WARNING * * *
Something burns you.
* * * LOW HITPOINT WARNING * * *
You are constricted.
Something hits you but does no damage.
You are constricted.
* * * LOW HITPOINT WARNING * * *
You feel better.
You hear some strange, mumbled words.
A bolt of poison appears from out of thin air!
The bolt of poison hits you!!
You are lethally poisoned!
You die...
Kikubaaqudgha rasps: "You have failed me!
Welcome... death!" ▒∙∙∙∙∙ ∙▒∙∙∙∙ ∙ ▒∙∙∙∙∙▒ ∙∙▒∙∙∙∙∙ ∙F ∙▒∙∙∙▒∙▒∙∙∙∙∙∙∙∙ ∙∙ ∙∙▒∙▒)∙∙▒∙∙∙∙∙∙∙∙∙ ∙∙ ∙∙∙∙∙∙∙(∙∙∙∙∙∙∙∙∙[∙∙!∙∙∙

▒∙∙∙∙∙∙∙∙▒∙∙∙∙∙∙∙∙▒∙∙∙∙∙
∙∙∙∙∙∙{∙∙▒∙∙∙∙∙∙∙∙▒∙∙∙∙▒
∙∙∙∙∙∙∙6∙∙▒∙∙∙∙∙∙∙∙∙∙∙∙▒
∙▒∙$∙∙∙▒∙▒▒∙∙∙∙∙∙∙∙∙∙∙∙∙
▒∙∙∙∙∙▒∙∙▒∙∙∙∙∙∙∙∙∙∙∙∙∙
▒▒∙∙∙∙▒▒∙∙∙∙∙∙∙∙∙▒▒▒∙∙∙
▒∙∙∙∙∙▒∙∙∙∙∙∙∙∙∙∙∙∙∙∙∙∙


∙∙∙∙∙∙∙∙∙∙∙∙∙∙∙∙∙∙∙∙∙∙∙∙ ∙∙∙∙∙∙∙▒∙∙∙∙∙∙∙∙∙∙∙∙∙∙∙) ∙∙∙∙∙∙▒▒∙∙∙∙▒▒∙∙∙∙∙∙∙∙∙∙ ∙∙∙
▒∙∙∙∙∙▒▒∙∙∙▒>∙∙∙∙ There were no monsters in sight!

Vanquished Creatures
  Maggie (D:6)
  Jeremiah (D:8)
  Prince Ribbit (D:5)
  A wyvern (D:8)
  A steam dragon (D:7)
  Menkaure (D:5)
  5 ice beasts
  An ogre (D:6)
  Pargi (Sewer)
  3 black bears
  A sky beast (D:4)
  A centaur (D:6)
  3 kobold brigands
  4 bullfrogs
  2 scorpions
  3 wights (D:7)
  3 killer bees (D:7)
  A howler monkey (D:7)
  3 hounds
  Ijyb (D:5)
  Natasha (thrice) (D:2)
  2 iguanas
  2 orc wizards (D:7)
  Robin (D:5)
  5 gnolls
  8 adders
  A river rat (D:4)
  3 shadow imps
  2 white imps
  2 ufetubi (D:5)
  4 dart slugs
  A ribbon worm (D:2)
  11 orcs
  5 ball pythons
  7 endoplasms
  3 giant cockroaches
  7 hobgoblins
  3 jackals (Sewer)
  2 quokkas (D:1)
  6 bats
  4 frilled lizards
  8 goblins
  26 kobolds
  8 rats
162 creatures vanquished.

Notes
Turn   | Place    | Note
-------+----------+-------------------------------------------
     0 | D:1      | Zeor the Demonspawn Gladiator began the quest for the Orb.
     0 | D:1      | Reached XP level 1. HP: 16/16 MP: 1/1
   332 | D:1      | Gained mutation: When seriously injured, your blood forms
                  | armour. (AC +9) [demonic ancestry]
   332 | D:1      | Reached XP level 2. HP: 19/22 MP: 2/2
   378 | D:1      | Reached skill level 3 in Long Blades
   640 | D:1      | Gained mutation: When seriously injured, your blood forms
                  | thick armour. (AC +9) [demonic ancestry]
   640 | D:1      | Reached XP level 3. HP: 13/27 MP: 3/3
  1162 | D:2      | Found Hithrir's Antique Armour Emporium.
  1278 | D:2      | Reached skill level 4 in Long Blades
  1278 | D:2      | Gained mutation: Your touch may inflict minor irresistible
                  | damage on your foes. [demonic ancestry]
  1278 | D:2      | Reached XP level 4. HP: 29/33 MP: 5/5
  1310 | D:2      | Noticed Natasha
  1319 | D:2      | Killed Natasha
  1320 | D:2      | Reached skill level 1 in Spellcasting
  1322 | D:2      | Noticed Natasha
  1329 | D:2      | Killed Natasha
  1359 | D:2      | Noticed Natasha
  1366 | D:2      | Killed Natasha
  1367 | D:2      | Gained mutation: A meltable shield of frost defends you.
                  | (SH +0) [demonic ancestry]
  1367 | D:2      | Reached XP level 5. HP: 24/38 MP: 6/6
  1873 | D:3      | Found a broken altar of Ashenzari.
  2122 | D:3      | Found a runed translucent door.
  2123 | D:3      | Noticed Crazy Yiuf
  2580 | D:4      | Identified the +3 battleaxe of the Valley {spect, rF- Str+2
                  | Int+6 Stlth+}
  2764 | D:4      | Noticed a sky beast
  2832 | D:4      | Reached skill level 1 in Armour
  2854 | D:4      | Found a glowing drain.
  2866 | Sewer    | Entered a sewer
  2928 | Sewer    | Noticed Pargi
  2938 | Sewer    | Killed Pargi
  2939 | Sewer    | Reached skill level 5 in Long Blades
  2939 | Sewer    | Reached XP level 6. HP: 39/46 MP: 6/8
  3101 | D:4      | Killed a sky beast
  3264 | D:5      | Entered Level 5 of the Dungeon
  3469 | D:5      | Noticed Robin
  3469 | D:5      | Noticed Ijyb
  3469 | D:5      | Noticed Menkaure
  3492 | D:5      | Killed Menkaure
  3493 | D:5      | Reached XP level 7. HP: 32/51 MP: 10/10
  3498 | D:5      | Reached skill level 6 in Long Blades
  3516 | D:5      | Killed Ijyb
  3524 | D:5      | Reached skill level 1 in Shields
  3537 | D:5      | Killed Robin
  3957 | D:5      | Noticed Prince Ribbit
  3968 | D:5      | Killed Prince Ribbit
  3969 | D:5      | Gained mutation: A meltable icy envelope protects you from
                  | harm. (AC +0) [demonic ancestry]
  3969 | D:5      | Reached XP level 8. HP: 57/57 MP: 12/12
  3973 | D:5      | Found Xichimm's Armour Shop.
  4207 | D:5      | Reached skill level 7 in Long Blades
  4307 | D:6      | Found a staircase to the Ecumenical Temple.
  4316 | Temple   | Entered the Ecumenical Temple
  4332 | Temple   | Became a worshipper of Kikubaaqudgha
  4381 | D:6      | Noticed Maggie
  4401 | D:6      | HP: 2/58 [Maggie/bolt of fire (21)]
  4405 | D:6      | Killed Maggie
  4406 | D:6      | Reached skill level 5 in Dodging
  4406 | D:6      | Reached skill level 1 in Necromancy
  4431 | D:6      | Reached skill level 1 in Stealth
  4431 | D:6      | Gained mutation: Your touch may inflict irresistible damage
                  | on your foes. [demonic ancestry]
  4431 | D:6      | Reached XP level 9. HP: 56/64 MP: 14/14
  4433 | D:6      | Reached skill level 8 in Long Blades
  4525 | D:6      | Identified a scroll of acquirement
  4525 | D:6      | Acquired a manual of Long Blades
  4798 | D:7      | Found the macabre finger necklace {Finger+ rN+}
  4964 | D:7      | Reached * piety under Kikubaaqudgha
  4964 | D:7      | Received a gift from Kikubaaqudgha
  5016 | D:7      | Learned a level 1 spell: Necrotise
  5018 | D:7      | Learned a level 1 spell: Kiss of Death
  5022 | D:7      | Learned a level 3 spell: Fugue of the Fallen
  5025 | D:7      | Learned a level 2 spell: Cigotuvi's Dreadful Rot
  5079 | D:7      | Reached skill level 9 in Long Blades
  6279 | D:8      | Noticed Jeremiah
  6287 | D:8      | Noticed Maurice
  6371 | D:8      | Killed Jeremiah
  6372 | D:8      | Reached skill level 10 in Long Blades
  6434 | D:8      | Noticed Erica
  6442 | D:8      | Killed from afar by Erica

Illustrated notes

Levels and vault maps discovered:
D:1:      psy_arrival_conway, layout_basic
D:2:      layout_basic, serial_shops, shop, basic_altar,
          kennysheep_small_spiral, uniq_natasha
D:3:      layout_rooms, mainiacjoe_overflow_tiny_flanked,
          wander_ebering_terrifying_dragon_lair, uniq_crazy_yiuf_cottage
D:4:      minmay_chambers_of_twos, layout_basic, portal_sewer_entry_e
D:5:      layout_basic, serial_shops, shop, nicolae_goblin_pals, uniq_menkaure,
          uniq_prince_ribbit1
D:6:      layout_rooms, minmay_temple_entry_poolview, uniq_maggie
D:7:      layout_layer_cave, chequers_jeans
D:8:      layout_cave_pools, mainiacjoe_overflow_brackets, david_lair_shrubbed,
          minmay_splitting_lines, dreamdust_deal_with_the_devil,
          kennysheep_generic_room_10, uniq_erica, uniq_jeremiah, uniq_maurice
Temple:   eino_temple_rhombus

Skill      XL: |  1  2  3  4  5  6  7  8  9 |
---------------+----------------------------+-----
Long Blades    | 3 4 5 6 7 10 | 10.2
Spellcasting   | 1 2 3 4 |  4.5
Dodging        | 3 4 5 |  5.9
Armour         | 1 2 3 |  3.0
Shields        | 1 2 |  2.1
Fighting       | 3 |  3.8
Necromancy     | 1 3 |  3.8
Stealth        | 1 |  1.4
Throwing       | |  1.8
Evocations     | |  0.1

Action                     |  1- 3 |  4- 6 |  7- 9 || total
---------------------------+-------+-------+-------++-------
  Melee: Long sword        |    96 |   151 |   249 ||   496
         Touch             |       |    14 |    44 ||    58
         Punch             |       |     1 |     2 ||     3
         Scimitar          |       |       |    22 ||    22
  Throw: Throwing net      |       |     1 |     2 ||     3
   Cast: Necrotise         |       |       |     7 ||     7
         Fugue of the Fall |       |       |     5 ||     5
  Evoke: Wand              |       |     2 |     1 ||     3
    Use: Scroll            |     6 |    11 |     7 ||    24
         Potion            |       |     3 |     6 ||     9
   Stab: Sleeping          |       |     2 |     2 ||     4
         Held in net/web   |       |       |     1 ||     1
         Paralysed         |       |       |     3 ||     3
 Armour: Leather armour    |    59 |    79 |   158 ||   296
         Skin              |       |    22 |    11 ||    33
  Dodge: Dodged            |    62 |    79 |   153 ||   294
  Block: Other             |       |    25 |    32 ||    57
